 Dungeon Crawl Stone Soup version 0.21.1-1-g345015fe64 (webtiles) character file.

1271 PikkenKukken the Covert (level 8, -11/37 HPs)
             Began as a Spriggan Enchanter on June 9, 2018.
             Was an Initiate of Gozag.
             Mangled by Hercules1031's ghost (19 damage)
             ... on level 7 of the Dungeon.
             The game lasted 00:34:35 (10048 turns).

PikkenKukken the Covert (Spriggan Enchanter)       Turns: 10048, Time: 00:34:35

Health: -11/37     AC:  5    Str:  5    XL:     8   Next: 28%
Magic:  11/18      EV: 19    Int: 17    God:    Gozag
Gold:   617        SH:  0    Dex: 17    Spells: 8/20 levels left

rFire    . . .     SeeInvis +   l - +3 dagger (venom)
rCold    . . .     Gourm    .   (shield restricted)
rNeg     . . .     Faith    .   b - +1 robe
rPois    .         Spirit   .   (helmet restricted)
rElec    .         Reflect  .   r - +1 cloak {MR+}
rCorr    .         Harm     .   (gloves unavailable)
MR       ++...     Clarity  +   (boots unavailable)
Stlth    ++++......             (no amulet)
HPRegen  0.12/turn              (no ring)
MPRegen  0.16/turn              (no ring)

@: very quick
A: very small, unfitting armour, see invisible, clarity, herbivore, speed 3,
slow metabolism 2, subdued magic 1
a: Potion Petition, Call Merchant, Bribe Branch, Renounce Religion


You were on level 7 of the Dungeon.
You worshipped Gozag.
Gozag was pleased with you.
You were hungry.

You visited 2 branches of the dungeon, and saw 8 of its levels.

You collected 757 gold pieces.
You spent 100 gold pieces at shops.
You paid 40 gold pieces to Gozag.

Inventory:

Hand Weapons
 a - a +1 dagger
 l - a +3 dagger of venom (weapon)
Missiles
 m - 12 poisoned needles
Armour
 b - a +1 robe (worn)
 r - a +1 cloak of magic resistance (worn)
Jewellery
 n - an uncursed ring of stealth {unknown}
 y - a cursed -3 ring of dexterity {unknown}
 A - a +3 ring of dexterity {unknown}
Wands
 j - a wand of random effects (12)
 p - a wand of iceblast (5)
 v - a wand of polymorph (16)
Scrolls
 e - a scroll of teleportation
 g - 3 scrolls of amnesia
 i - 4 scrolls of identify
 k - a scroll of enchant armour
 o - 2 scrolls of remove curse
 s - 2 scrolls of immolation {unknown}
 u - a scroll of blinking {unknown}
 w - a scroll of magic mapping
 x - a scroll of enchant weapon {unknown}
Potions
 f - 2 potions of haste
 h - a potion of flight
 z - a potion of heal wounds
Books
 c - a book of Maledictions

   Spells                             Type                      Level
   a - Corona                         Hexes                        1
   b - Ensorcelled Hibernation        Hexes/Ice                    2
   c - Confuse                        Hexes                        3
   d - Tukima's Dance                 Hexes                        3
   e - Dazzling Spray                 Conjuration/Hexes            3
 q - a book of Necromancy

   Spells                             Type                      Level
   a - Pain                           Necromancy                   1
   b - Animate Skeleton               Necromancy                   1
   c - Vampiric Draining              Necromancy                   3
   d - Regeneration                   Charms/Necromancy            3
   e - Animate Dead                   Necromancy                   4
   f - Borgnjor's Vile Clutch         Necromancy/Earth             5
 t - a book of Misfortune

   Spells                             Type                      Level
   a - Confusing Touch                Hexes                        1
   b - Confuse                        Hexes                        3
   c - Gell's Gravitas                Translocation                3
   d - Petrify                        Transmutation/Earth          4
   e - Metabolic Englaciation         Hexes/Ice                    5
   f - Yara's Violent Unravelling     Hexes/Transmutation          5
Comestibles
 d - 9 rations


   Skills:
 - Level 0.4 Fighting
 - Level 2.6 Short Blades
 - Level 4.2 Dodging
 * Level 9.6 Stealth
 - Level 6.5 Spellcasting
 - Level 5.9 Hexes
 - Level 2.0 Ice Magic
 - Level 3.9 Evocations


You had 8 spell levels left.
You knew the following spells:

 Your Spells              Type           Power        Failure   Level  Hunger
a - Corona                Hex            ###....      1%          1    None
b - Ensorcelled Hibernat  Hex/Ice        ##....       2%          2    None
c - Confuse               Hex            ###.....     2%          3    ##.....
d - Tukima's Dance        Hex            ###.....     2%          3    ##.....
e - Dazzling Spray        Conj/Hex       ##....       9%          3    ##.....


Dungeon Overview and Level Annotations

Branches:
Dungeon (7/15)             Temple (1/1) D:4

Altars:
Ashenzari
Cheibriados
Dithmenos
Elyvilon
Fedhas
Gozag
Kikubaaqudgha
Nemelex Xobeh
Okawaru
Qazlal
Ru
Sif Muna
Trog
Uskayaw
Wu Jian
Xom
Yredelemnul
Zin
The Shining One

Shops:
D:7 *

Annotations:
D:7 Hercules1031's ghost, novice OgBe


Innate Abilities, Weirdness & Mutations

You are very small and have problems with some larger weapons.
You are too small for most types of armour.
You have supernaturally acute eyesight. (SInv)
You are a herbivore.
You cover ground extremely quickly.
You need consume almost no food.
You possess an exceptional clarity of mind.
Your spells are a little easier to cast, but a little less powerful.


Message History

You hit Hercules1031's ghost.
Hercules1031's ghost is moderately damaged.
Hercules1031's ghost barely misses you.
You closely miss Hercules1031's ghost.
Hercules1031's ghost is moderately damaged.
Hercules1031's ghost completely misses you.
You closely miss Hercules1031's ghost.
Hercules1031's ghost is moderately damaged.
Hercules1031's ghost closely misses you.
You closely miss Hercules1031's ghost.
Hercules1031's ghost is moderately damaged.
Hercules1031's ghost stares at you. Hercules1031's ghost hits you!
* * * LOW HITPOINT WARNING * * *
You hit Hercules1031's ghost but do no damage.
Hercules1031's ghost is moderately damaged.
Hercules1031's ghost hits you!!
Ouch! That really hurt!
You die...
Your body crumbles into a pile of gold.

#######.#####.# ##'## #..gg...#
##...# #######)# ##..... #$#
##.8...8 #.# ##.#..... #.#
######...8...8
##############.###....'...(.)..
###......##....W.....#..#...8...8
.........##.####@###...###.#.....
.##.####..#.###...###.## ##.8...8
.##.####....##.....##.######.....
.##.......∩.###...###......##...#
.##..###....# ##.## #######.##'##
.##..###...## #.# #...>....
.........### #.# #.#.#####
####.##### ##'## #......## #.#
##...## #...##.##


You could see Hercules1031's ghost.

Vanquished Creatures
  A black bear (D:7)
  2 centaurs
  The ghost of Ivernyr the Slasher, an amateur VSMo (D:3)
  A gnoll sergeant (D:7)
  2 water moccasin zombies
  A howler monkey (D:4)
  2 crimson imps
  A centaur zombie (D:6)
  An orc priest (D:3)
  2 hounds
  A jelly (D:5)
  Crazy Yiuf (D:5)
  An iguana (D:4)
  Natasha (thrice) (D:3)
  7 worker ants
  A hound skeleton (D:5)
  A worker ant zombie (D:7)
  Robin (D:3)
  3 gnolls (D:7)
  6 adders
  An adder skeleton (D:5)
  A worm (D:5)
  3 dart slugs
  A leopard gecko (D:5)
  18 orcs
  A ball python (D:5)
  5 giant cockroaches
  11 goblins
  11 hobgoblins
  4 jackals (D:6)
  2 quokkas
  4 bats
  3 frilled lizards
  A jackal zombie (D:5)
  8 kobolds
  A quokka zombie (D:7)
  5 rats
119 creatures vanquished.

Vanquished Creatures (collateral kills)
  An orc (D:2)
1 creature vanquished.

Vanquished Creatures (others)
  A dancing weapon (D:7)
  A withered plant (D:5)
2 creatures vanquished.

Grand Total: 122 creatures vanquished

Notes
Turn   | Place    | Note
-------+----------+-------------------------------------------
     0 | D:1      | PikkenKukken the Spriggan Enchanter began the quest for the Orb.
     0 | D:1      | Reached XP level 1. HP: 9/9 MP: 5/5
   260 | D:1      | Reached XP level 2. HP: 3/13 MP: 4/6
   276 | D:1      | Learned a level 2 spell: Ensorcelled Hibernation
   278 | D:1      | Reached skill level 5 in Stealth
  1672 | D:2      | Reached XP level 3. HP: 16/16 MP: 8/8
  1755 | D:2      | Found a shimmering altar of Xom.
  1885 | D:2      | Learned a level 3 spell: Confuse
  2294 | D:2      | Found a stormy altar of Qazlal.
  2953 | D:3      | Noticed Natasha
  2969 | D:3      | Killed Natasha
  2969 | D:3      | Reached XP level 4. HP: 21/21 MP: 7/10
  3169 | D:3      | Found a white marble altar of Elyvilon.
  3170 | D:3      | Noticed Ivernyr's ghost (amateur VSMo)
  3496 | D:3      | Noticed Natasha
  3673 | D:3      | Killed Natasha
  3869 | D:3      | Noticed Robin
  3892 | D:3      | Killed Robin
  3892 | D:3      | Reached skill level 1 in Ice Magic
  4275 | D:3      | Noticed Natasha
  4287 | D:3      | Killed Natasha
  4287 | D:3      | Reached XP level 5. HP: 24/24 MP: 7/12
  4294 | D:3      | Learned a level 3 spell: Tukima's Dance
  4298 | D:3      | Learned a level 3 spell: Dazzling Spray
  4359 | D:3      | Found a bloodstained altar of Trog.
  4673 | D:3      | Reached skill level 6 in Stealth
  5202 | D:3      | Killed Ivernyr's ghost
  5202 | D:3      | Reached skill level 5 in Hexes
  5202 | D:3      | Reached XP level 6. HP: 28/28 MP: 9/14
  5775 | D:4      | Found a staircase to the Ecumenical Temple.
  5784 | Temple   | Entered the Ecumenical Temple
  5897 | Temple   | Became a worshipper of Gozag Ym Sagoz the Greedy
  5965 | D:4      | Gained mutation: Your spells are a little easier to cast, but a little less powerful. [potion of mutation]
  5965 | D:4      | Gained mutation: You possess an exceptional clarity of mind. [potion of mutation]
  6066 | D:4      | Found a shattered altar of Ashenzari.
  6147 | D:4      | Reached skill level 7 in Stealth
  6316 | D:5      | Entered Level 5 of the Dungeon
  6344 | D:5      | Reached skill level 1 in Evocations
  6633 | D:5      | Reached skill level 5 in Spellcasting
  6749 | D:5      | Reached XP level 7. HP: 29/32 MP: 7/16
  6928 | D:5      | Found a runed door.
  6932 | D:5      | Noticed Crazy Yiuf
  6979 | D:5      | Killed Crazy Yiuf
  7143 | D:5      | Found an ancient bone altar of Kikubaaqudgha.
  7766 | D:6      | Found a snail-covered altar of Cheibriados.
  8142 | D:6      | Reached skill level 8 in Stealth
  8281 | D:6      | Found a shadowy altar of Dithmenos.
  8339 | D:6      | Found a deep blue altar of Sif Muna.
  8780 | D:7      | Reached XP level 8. HP: 37/37 MP: 15/18
  9192 | D:7      | Found Nil Qero's Assorted Antiques.
  9226 | D:7      | Bought a potion of heal wounds for 100 gold pieces
  9302 | D:7      | Noticed Hercules1031's ghost (novice OgBe)
  9309 | D:7      | Reached skill level 9 in Stealth
 10048 | D:7      | Mangled by Hercules1031's ghost

Skill      XL: |  1  2  3  4  5  6  7  8 |
---------------+-------------------------+-----
Stealth        | 5 6 7 8 9 |  9.6
Spellcasting   | 3 4 5 6 |  6.5
Hexes          | 4 5 |  5.9
Ice Magic      | 1 2 |  2.0
Short Blades   | 2 |  2.6
Evocations     | 1 3 |  3.9
Dodging        | 4 |  4.2
Fighting       | |  0.4

Action                   |  1- 3 |  4- 6 |  7- 9 || total
-------------------------+-------+-------+-------++-------
Melee: Dagger            |    82 |   115 |   111 ||   308
 Cast: Corona            |     4 |       |       ||     4
       Ensorcelled Hiber |    44 |    65 |    37 ||   146
       Confuse           |     1 |    16 |    26 ||    43
       Tukima's Dance    |       |     1 |     2 ||     3
       Dazzling Spray    |       |     1 |     1 ||     2
  Use: Scroll            |     4 |     4 |     1 ||     9
       Potion            |     7 |     1 |     3 ||    11
 Stab: Sleeping          |    24 |    35 |    24 ||    83
       Confused          |     1 |     8 |     9 ||    18
       Distracted        |       |     1 |       ||     1
  Eat: Ration            |     1 |     4 |     2 ||     7
Armor: Robe              |    11 |     7 |     6 ||    24
Dodge: Dodged            |    70 |    83 |    53 ||   206
